[Event "Late-Titled-Tuesday-Blitz-March-26-2024"]
[Site "Chess.com"]
[Date "2024.03.26"]
[Round "6"]
[White "Sanyura"]
[Black "AlexPapasimakopoulos"]
[Result "1-0"]
[WhiteElo "2597"]
[BlackElo "2729"]
[TimeControl "180+1"]
[EndTime "15:03:53 PDT"]
[Termination "Sanyura won by checkmate"]

1. e4 e6 2. d4 d5 3. Nc3 Bb4 4. e5 c5 5. Bd2 Ne7 6. Nb5 Bxd2+ 7.
Qxd2 O-O 8. f4 cxd4 9. Nf3 Nbc6 10. Bd3 f6 11. exf6 Rxf6 12. Nbxd4 Qd6 13. O-O Bd7 14. Ng5 h6 15. Bh7+ Kh8 16. Nxc6 bxc6 17. Qd3 Raf8 18. Bg8 hxg5 19. Qh7# 1-0

[Event "Late-Titled-Tuesday-Blitz-March-26-2024"]
[Site "Chess.com"]
[Date "2024.03.26"]
[Round "6"]
[White "Korchmar_Vasiliy"]
[Black "Boninknights"]
[Result "1-0"]
[WhiteElo "2692"]
[BlackElo "2394"]
[TimeControl "180+1"]
[EndTime "15:04:01 PDT"]
[Termination "Korchmar_Vasiliy won by resignation"]

1. a3 d5 2. d4 Nf6 3. Nf3 g6 4. Bf4 Bg7 5. e3 O-O 6. Be2 Nbd7 7. b4 c6 8. c4 Ne4 9. cxd5 cxd5 10. O-O Re8 11. Qb3 Nb6 12. Nbd2 Be6 13. Rfc1 Rc8 14.
a4 Bg4 15. Nxe4 dxe4 16. Ng5 Bxe2 17. Qxf7+ Kh8 18. Ne6 Rg8 1-0

[Event "Late-Titled-Tuesday-Blitz-March-26-2024"]
[Site "Chess.com"]
[Date "2024.03.26"]
[Round "6"]
[White "Chesstiger64"]
[Black "banane_verte"]
[Result "1/2-1/2"]
[WhiteElo "2406"]
[BlackElo "2528"]
[TimeControl "180+1"]
[EndTime "15:04:01 PDT"]
[Termination "Game drawn by repetition"]

1. d4 d5 2. Nf3 Nf6 3. e3 c5 4. c3 Nc6 5. a3 Bg4 6. h3 Bxf3 7.
Qxf3 e5 8. dxe5 Nxe5 9. Bb5+ Nc6 10.
Nd2 Qb6 11. Bxc6+ Qxc6 12. c4 Be7 13. b3 O-O 14. Bb2 Rad8 15. O-O Ne4 16. Nxe4 dxe4 17. Qg4 Bf6 18. Bxf6 Qxf6 19. Qxe4 Qb6 20. b4 cxb4 21. axb4 Qxb4 22. Rab1 Qc5 23. Rxb7 a5 24. Rb5 Qa3 25. Rb7 Ra8 26. Rd1 a4 27. Rdd7 Qa1+ 28. Kh2 Qf6 29.
Rxf7 Qxf7 30. Rxf7 Kxf7 31. Qd5+ Ke7 32. Qe5+ Kf7 33.
Qd5+ Kf6 34. Qd6+ Kf7 35. Qd5+ 1/2-1/2

[Event "Late-Titled-Tuesday-Blitz-March-26-2024"]
[Site "Chess.com"]
[Date "2024.03.26"]
[Round "6"]
[White "RichardShtivelband"]
[Black "jinxy2009"]
[Result "1-0"]
[WhiteElo "2465"]
[BlackElo "2265"]
[TimeControl "180+1"]
[EndTime "15:04:01 PDT"]
[Termination "RichardShtivelband won by resignation"]

1. Nf3 Nf6 2. c4 g6 3. d4 Bg7 4.
Nc3 d5 5. cxd5 Nxd5 6. e4 Nxc3 7.
bxc3 c5 8. Be3 Qa5 9. Qd2 O-O 10. Bc4 Bg4 11. Ne5 Bxe5 12. dxe5 b5 13. Bd5 Nd7 14.
f3 Be6 15. Bxe6 fxe6 16. Qxd7 Qxc3+ 17. Kf2 Qb2+ 18. Qd2 Qxe5 19. Rac1 Rac8 20. Qc2 c4 21. Bh6 c3 22. Bxf8 Kxf8 23. Qd3 b4 24. h3 a5 25. Rhd1 a4 26. Qd4 Qb5 27. Qh8+ Kf7 28. Qxc8 Qb6+ 29. Kf1 1-0

[Event "Late-Titled-Tuesday-Blitz-March-26-2024"]
[Site "Chess.com"]
[Date "2024.03.26"]
[Round "6"]
[White "Rud_Makarian"]
[Black "eljanov"]
[Result "0-1"]
[WhiteElo "3092"]
[BlackElo "2915"]
[TimeControl "180+1"]
[EndTime "15:04:02 PDT"]
[Termination "eljanov won by resignation"]

1. c4 Nf6 2. Nc3 e5 3. Nf3 Nc6 4. e3 Bb4 5. Qc2 Bxc3 6. Qxc3 Qe7 7. a3 O-O 8. b4 d5 9. cxd5 Nxd5 10. Qb3 Rd8 11. Bb2 Bg4 12. d3 Bxf3 13. gxf3 a6 14.
Qc4 Rd6 15. Rg1 Rad8 16. h4 Nd4 17. exd4 Rc6 18. Qb3 exd4+ 19. Kd2 Qxh4 20. Re1 Qxf2+ 21. Re2 Qxg1 22. Qxd5 Qe3+ 0-1

[Event "Late-Titled-Tuesday-Blitz-March-26-2024"]
[Site "Chess.com"]
[Date "2024.03.26"]
[Round "6"]
[White "Fonsofan"]
[Black "Zkid"]
[Result "0-1"]
[WhiteElo "2757"]
[BlackElo "2928"]
[TimeControl "180+1"]
[EndTime "15:04:07 PDT"]
[Termination "Zkid won by resignation"]

1. b4 Nf6 2. Bb2 g6 3. Nf3 Bg7 4. g3 O-O 5. Bg2 d5 6. O-O a5 7. b5 c6 8. Na3 Bf5 9. d3 c5 10. e3 Nbd7 11. c4 dxc4 12. Nxc4 Nb6 13. Nxb6 Qxb6 14.
e4 Bg4 15. a4 Nd7 16. Bxg7 Kxg7 17. Qc2 Bxf3 18. Bxf3 Ne5 19. Be2 Rfd8 20. f4 c4+ 21.
Rf2 cxd3 22. Qc3 dxe2 23. Qxe5+ Kg8 24. Kg2 Rd1 25. Rxe2 Qg1+ 26. Kh3 Qf1+ 27. Kh4 Qxe2 0-1

[Event "Late-Titled-Tuesday-Blitz-March-26-2024"]
[Site "Chess.com"]
[Date "2024.03.26"]
[Round "6"]
[White "ValeriyGrinev"]
[Black "Brahianzevich"]
[Result "0-1"]
[WhiteElo "2604"]
[BlackElo "2496"]
[TimeControl "180+1"]
[EndTime "15:04:07 PDT"]
[Termination "Brahianzevich won by resignation"]

1. e4 c5 2. Nc3 g6 3. g3 Bg7 4. Bg2 Nc6 5. d3 Rb8 6. Nge2 b5 7. a3 a5 8. O-O d6 9. f4 e6 10. Be3 b4 11. axb4 axb4 12. Na4 Nge7 13. e5 dxe5 14. Bxc5 exf4 15. Nxf4 O-O 16. c3 bxc3 17. bxc3 Re8 18. d4 Ba6 19. Re1 Bb5 20. Qg4 h5 21. Qh3 Nf5 22.
g4 hxg4 23. Qxg4 Na5 24. Nb6 Nb3 25. Ra8 Rxa8 26. Bxa8 Nxc5 27. dxc5 Qc7 28. Nxg6 Qxc5+ 29. Kg2 Bc6+ 30. Bxc6 Qxc6+ 31. Kh3 Qxc3+ 32. Qg3 Nxg3 33. Re3 Qxe3 0-1

[Event "Late-Titled-Tuesday-Blitz-March-26-2024"]
[Site "Chess.com"]
[Date "2024.03.26"]
[Round "6"]
[White "Blackwhite017"]
[Black "Viktor_Poddubnyi"]
[Result "0-1"]
[WhiteElo "2091"]
[BlackElo "2307"]
[TimeControl "180+1"]
[EndTime "15:04:08 PDT"]
[Termination "Viktor_Poddubnyi won by resignation"]

1. e4 g6 2. d4 Bg7 3. Bc4 e6 4.
e5 d6 5. Qe2 Nc6 6. Nf3 dxe5 7.
dxe5 Nd4 8. Nxd4 Qxd4 9. f4 Ne7 10.
Be3 Qxb2 11. Nd2 Qxa1+ 0-1

[Event "Late-Titled-Tuesday-Blitz-March-26-2024"]
[Site "Chess.com"]
[Date "2024.03.26"]
[Round "6"]
[White "Mikhail_Golubev"]
[Black "expii"]
[Result "1-0"]
[WhiteElo "2645"]
[BlackElo "2207"]
[TimeControl "180+1"]
[EndTime "15:04:10 PDT"]
[Termination "Mikhail_Golubev won by resignation"]

1. e4 c5 2. Nf3 d6 3. d4 cxd4 4. Nxd4 Nf6 5. Nc3 g6 6. Be3 Bg7 7. f3 O-O 8. h4 Nc6 9. h5 Nxh5 10. Nde2 Nf6 11. Qd2 h5 12. O-O-O Ne5 13. Nd4 Be6 14. Be2 Rc8 15. g4 hxg4 16. f4 Nc4 17. Bxc4 Bxc4 18.
f5 Nh5 19. Bh6 Kh7 20. Rxh5 gxh5 21. Bxg7 f6 22. Qh6+ Kg8 23. Ne6 Bxe6 24. fxe6 1-0

[Event "Late-Titled-Tuesday-Blitz-March-26-2024"]
[Site "Chess.com"]
[Date "2024.03.26"]
[Round "6"]
[White "manitodeplomo"]
[Black "Nemsko"]
[Result "1-0"]
[WhiteElo "2640"]
[BlackElo "2420"]
[TimeControl "180+1"]
[EndTime "15:04:15 PDT"]
[Termination "manitodeplomo won by resignation"]

1. d4 Nf6 2. c4 e6 3. Nf3 d5 4. Nc3 Bb4 5. Qa4+ Nc6 6. e3 O-O 7. Bd2 a5 8. Rd1 Bd7 9. Qc2 Bxc3 10. bxc3 Ne4 11. Bd3 f5 12. O-O b6 13. cxd5 exd5 14. a3 Qe7 15. Qb2 Kh8 16. c4 Be6 17. Rc1 Rad8 18.
Rc2 Ng5 19. Nxg5 Qxg5 20. cxd5 Bxd5 21. e4 1-0

[Event "Late-Titled-Tuesday-Blitz-March-26-2024"]
[Site "Chess.com"]
[Date "2024.03.26"]
[Round "6"]
[White "AndresDelgado77"]
[Black "Janh4"]
[Result "1-0"]
[WhiteElo "2333"]
[BlackElo "2167"]
[TimeControl "180+1"]
[EndTime "15:04:15 PDT"]
[Termination "AndresDelgado77 won by resignation"]

1. e4 c6 2. d4 d5 3. Nc3 dxe4 4. Nxe4 Nf6 5. Nxf6+ exf6 6. c3 Bd6 7. Bd3 O-O 8.
Qc2 Re8+ 9. Ne2 h5 10. Be3 Be6 11. O-O-O Nd7 12. Nf4 Qa5 13. Nxe6 Rxe6 14. Bc4 Re7 15. Bb3 Nf8 16. Rhe1 Rae8 17. g3 Ng6 18. Qxg6 1-0

[Event "Late-Titled-Tuesday-Blitz-March-26-2024"]
[Site "Chess.com"]
[Date "2024.03.26"]
[Round "6"]
[White "Mazetovic"]
[Black "Budisavljevic"]
[Result "1-0"]
[WhiteElo "2621"]
[BlackElo "2770"]
[TimeControl "180+1"]
[EndTime "15:04:18 PDT"]
[Termination "Mazetovic won by resignation"]

1. e4 e6 2. d3 c5 3. Nf3 d5 4.
Nbd2 Nf6 5. g3 Be7 6. Bg2 O-O 7. O-O Nc6 8. Re1 b5 9. e5 Nd7 10. Nf1 a5 11. Bf4 a4 12. a3 b4 13. h4 bxa3 14. bxa3 Rb8 15. N1h2 Re8 16. c4 Nb6 17. Ng5 h6 18. Qh5 hxg5 19. hxg5 Nd4 20. Ng4 Nf5 21. Nf6+ gxf6 22. gxf6 Rb7 23. Bh3 Bxf6 24. exf6 1-0

[Event "Late-Titled-Tuesday-Blitz-March-26-2024"]
[Site "Chess.com"]
[Date "2024.03.26"]
[Round "6"]
[White "Shiner22"]
[Black "ozates"]
[Result "0-1"]
[WhiteElo "2396"]
[BlackElo "2571"]
[TimeControl "180+1"]
[EndTime "15:04:19 PDT"]
[Termination "ozates won by checkmate"]

1. e4 e5 2. Nf3 Nc6 3. Bc4 Bc5 4. O-O Nf6 5. d4 Bxd4 6. Nxd4 Nxd4 7. Bg5 h6 8. Bh4 d6 9. f4 Qe7 10. Nc3 Be6 11.
Nd5 Bxd5 12. exd5 O-O-O 13. fxe5 dxe5 14. c3 Qc5 15. cxd4 Qxc4 16. Rxf6 gxf6 17. Bxf6 exd4 18. Rc1 Qxd5 19. Qc2 c6 20. Rd1 d3 21. Qc3 Rhg8 22. Bxd8 Qxg2# 0-1

[Event "Late-Titled-Tuesday-Blitz-March-26-2024"]
[Site "Chess.com"]
[Date "2024.03.26"]
[Round "6"]
[White "elchacal664"]
[Black "PNEPaul"]
[Result "1-0"]
[WhiteElo "2264"]
[BlackElo "1955"]
[TimeControl "180+1"]
[EndTime "15:04:49 PDT"]
[Termination "elchacal664 won by checkmate"]

1. e4 e5 2. Bc4 Nc6 3. Nc3 Be7 4. d3 Nf6 5. f4 Bc5 6. Nf3 d6 7. f5 h6 8. Qe2 Na5 9. Be3 Bxe3 10. Qxe3 Nxc4 11. dxc4 O-O 12. O-O-O Qe7 13. h3 c6 14. g4 Kh7 15. g5 Nh5 16. h4 Nf4 17. Rdg1 Bd7 18.
h5 b5 19. cxb5 cxb5 20. Nd5 Nxd5 21. exd5 Rg8 22. f6 gxf6 23. g6+ Kg7 24. gxf7+ Kxf7 25. Qxh6 Rxg1+ 26. Rxg1 Rg8 27. Qh7+ Kf8 28. Rxg8# 1-0

[Event "Late-Titled-Tuesday-Blitz-March-26-2024"]
[Site "Chess.com"]
[Date "2024.03.26"]
[Round "6"]
[White "giomar27"]
[Black "Bala-Afiada"]
[Result "1-0"]
[WhiteElo "2443"]
[BlackElo "1875"]
[TimeControl "180+1"]
[EndTime "15:04:52 PDT"]
[Termination "giomar27 won on time"]

1. Nc3 d5 2. d4 Nf6 3. Bf4 c5 4. e4 cxd4 5. Qxd4 Nc6 6. Bb5 Bd7 7.
Bxc6 bxc6 8. e5 Nh5 9. Be3 Qb6 10. Qd2 Qxb2 11. Rb1 Qa3 12. Nf3 e6 13. O-O Bb4 14. Rb3 Qa5 15. Rfb1 Bxc3 16. Rxc3 O-O 17. Qd4 Qxa2 18.
Rcb3 Qxc2 19. Qg4 Qg6 20. Qh4 f5 21. Bc5 Rf7 22. Nd4 Qg4 23. Rb8+ Be8 24. Qxg4 fxg4 25. Rxa8 1-0

[Event "Late-Titled-Tuesday-Blitz-March-26-2024"]
[Site "Chess.com"]
[Date "2024.03.26"]
[Round "6"]
[White "mbojan"]
[Black "Oleksandr_Bortnyk"]
[Result "1-0"]
[WhiteElo "2890"]
[BlackElo "3035"]
[TimeControl "180+1"]
[EndTime "15:04:58 PDT"]
[Termination "mbojan won by checkmate"]

1. e4 Nf6 2. e5 Nd5 3. d4 d6 4.
c4 Nb6 5. f4 dxe5 6. fxe5 Bf5 7.
Nf3 e6 8. Nc3 Bb4 9. Bg5 Qd7 10.
Bd3 c5 11. Bxf5 cxd4 12. Nxd4 exf5 13. Nxf5 Qxd1+ 14. Rxd1 O-O 15. O-O Nc6 16. Nxg7 Bxc3 17. bxc3 Kxg7 18. Bf6+ Kg8 19. Rd3 Rfe8 20. Rg3+ Kf8 21.
Rg7 Nxe5 22. Bxe5 Rxe5 23. Rfxf7+ Ke8 24. Rxb7 Rd8 25. Rg8# 1-0

[Event "Late-Titled-Tuesday-Blitz-March-26-2024"]
[Site "Chess.com"]
[Date "2024.03.26"]
[Round "6"]
[White "Njal28"]
[Black "vladislavkovalev"]
[Result "0-1"]
[WhiteElo "3024"]
[BlackElo "2886"]
[TimeControl "180+1"]
[EndTime "15:04:58 PDT"]
[Termination "vladislavkovalev won by resignation"]

1. d4 Nf6 2. c4 e6 3. Nc3 Bb4 4.
e3 O-O 5. a3 Bxc3+ 6. bxc3 b6 7. Bd3 c5 8. Ne2 Nc6 9. e4 d6 10. Bg5 e5 11. d5 Na5 12. O-O h6 13. Bh4 g5 14. Bg3 Nh5 15. Nc1 Nf4 16. Bxf4 gxf4 17.
Qh5 Qg5 18. Qe2 Bg4 19. f3 Bd7 20. Kh1 Kh8 21. Qe1 Rg8 22. Ra2 Qh5 23. Rg1 Rg3 24. Ne2 Rag8 25. Qf1 R3g5 26. g4 fxg3 27. Rxg3 Rxg3 28.
Nxg3 Rxg3 0-1

[Event "Late-Titled-Tuesday-Blitz-March-26-2024"]
[Site "Chess.com"]
[Date "2024.03.26"]
[Round "6"]
[White "TheMagician"]
[Black "RantomOpening"]
[Result "0-1"]
[WhiteElo "2271"]
[BlackElo "2571"]
[TimeControl "180+1"]
[EndTime "15:04:59 PDT"]
[Termination "RantomOpening won by checkmate"]

1. c4 e6 2. d4 c5 3. d5 Nf6 4. Nc3 g6 5. e4 Bg7 6. e5 Nh5 7. g4 Bxe5 8. gxh5 d6 9. Nf3 Bg7 10. h6 Bf6 11. Ne4 Be7 12. dxe6 Bxe6 13. Bf4 d5 14.
cxd5 Bxd5 15. Bb5+ Nc6 16. Nc3 Be6 17. Qxd8+ Rxd8 18. Bxc6+ bxc6 19. O-O f6 20. Rfe1 Kf7 21. Ne4 Bd5 22.
Nfd2 g5 23. Be3 c4 24. Rec1 f5 25. Nc3 f4 26. Bxa7 g4 27. Bd4 Rhg8 28. Na4 g3 29.
hxg3 fxg3 30. Nf1 gxf2+ 31. Kxf2 Rg2+ 32. Ke1 Bh4+ 33. Kd1 Bf3# 0-1

[Event "Late-Titled-Tuesday-Blitz-March-26-2024"]
[Site "Chess.com"]
[Date "2024.03.26"]
[Round "6"]
[White "giovannibrandao7"]
[Black "maurovargas01"]
[Result "1-0"]
[WhiteElo "2162"]
[BlackElo "1846"]
[TimeControl "180+1"]
[EndTime "15:05:02 PDT"]
[Termination "giovannibrandao7 won by resignation"]

1. e4 c6 2. d4 d5 3. Nc3 dxe4 4.
Nxe4 Nf6 5. Nxf6+ exf6 6. c3 Bd6 7. Bd3 Be6 8. Qc2 h6 9. f4 Nd7 10. Ne2 Qc7 11. O-O O-O 12. f5 Bd5 13. c4 Bxh2+ 14. Kh1 Bxg2+ 15. Kxg2 Rfe8 16. Nf4 Bxf4 17. Bxf4 Qb6 18. c5 Qb4 19. Qc3 Qxc3 20. bxc3 b6 21. cxb6 axb6 22. Kf3 c5 23. Bb5 Re7 24. Bd6 Ree8 25.
Bxd7 Red8 26. Bc6 Ra3 27. dxc5 Rxc3+ 28. Ke4 bxc5 29. Rad1 Re8+ 30. Bxe8 1-0

[Event "Late-Titled-Tuesday-Blitz-March-26-2024"]
[Site "Chess.com"]
[Date "2024.03.26"]
[Round "6"]
[White "jinbojinbo"]
[Black "whiteglovethief"]
[Result "1-0"]
[WhiteElo "2643"]
[BlackElo "2486"]
[TimeControl "180+1"]
[EndTime "15:05:04 PDT"]
[Termination "jinbojinbo won by resignation"]

1. Nf3 d5 2. e3 Nc6 3. b3 e5 4. Bb2 e4 5. Nd4 Nxd4 6. exd4 Bd6 7. d3 f5 8. c4 e3 9. fxe3 Qh4+ 10. Kd2 f4 11.
exf4 Qxf4+ 12. Kc2 dxc4 13. bxc4 Bf5 14. g3 Qg5 15.
Bg2 O-O-O 16. Nc3 c6 17. Ne4 Qg6 18. Nxd6+ Rxd6 19. Rf1 Nf6 20. Qf3 Bg4 21. Qf4 Nh5 22. Qd2 Re8 23. Rae1 Rde6 24. Rxe6 Rxe6 25. Re1 Bf5 26.
Rxe6 Qxe6 27. d5 cxd5 28. Bxd5 Qa6 29. Qb4 Bd7 30. Qf8+ Kc7 31. Be5+ Kb6 32. Qb4+ 1-0

[Event "Late-Titled-Tuesday-Blitz-March-26-2024"]
[Site "Chess.com"]
[Date "2024.03.26"]
[Round "6"]
[White "CMmauricio"]
[Black "Slovak_fighter2000"]
[Result "1/2-1/2"]
[WhiteElo "2761"]
[BlackElo "2603"]
[TimeControl "180+1"]
[EndTime "15:05:09 PDT"]
[Termination "Game drawn by repetition"]

1. d4 Nf6 2. e3 g6 3. f4 Bg7 4. Nf3 O-O 5. c3 d6 6. Bc4 c5 7. O-O Nc6 8. Bb3 b6 9. e4 cxd4 10. cxd4 d5 11. e5 Ne4 12. Nbd2 Bg4 13. Re1 Nxd4 14.
Nxe4 dxe4 15. Rxe4 Nxb3 16. Qxb3 Bxf3 17. Qxf3 e6 18.
Be3 Rc8 19. Rd4 Qc7 20. Rad1 Rfd8 21. h3 Rxd4 22. Rxd4 h5 23. Qd1 Qc2 24. Qxc2 Rxc2 25.
Rd2 Rxd2 26. Bxd2 Kf8 27. Kf2 Ke8 28. Ke3 Kd7 29. a4 Bf8 30. Kd4 a6 31. b4 b5 32.
axb5 axb5 33. g4 hxg4 34. hxg4 Kc6 35. Ke4 Be7 36. Be1 Bd8 37. Bd2 Be7 38. Be1 Bd8 39. Bf2 Be7 40. Be1 1/2-1/2

[Event "Late-Titled-Tuesday-Blitz-March-26-2024"]
[Site "Chess.com"]
[Date "2024.03.26"]
[Round "6"]
[White "djano"]
[Black "ahmedkandiliii"]
[Result "1-0"]
[WhiteElo "2678"]
[BlackElo "2527"]
[TimeControl "180+1"]
[EndTime "15:05:10 PDT"]
[Termination "djano won by resignation"]

1. e4 e5 2. d4 exd4 3. Bc4 Nc6 4. Nf3 Nf6 5. Ng5 Ne5 6. Bb3 h6 7. f4 hxg5 8. fxe5 Nxe4 9. Bd5 Nc5 10. O-O Ne6 11. Qf3 Qe7 12. Na3 c6 13. Nc4 cxd5 14. Nd6+ Kd8 15. Nxf7+ Kc7 16. Nxh8 Qc5 17. Ng6 Be7 18.
b4 Qxb4 19. Nxe7 Qxe7 20. Ba3 Qe8 21. Bd6+ Kd8 22. Qxd5 Nf4 23. Rxf4 gxf4 24. Qa5+ b6 25. Qd5 Bb7 26. Qxb7 Rc8 27. Qxa7 Qe6 28. Qxb6+ Ke8 29.
Qxd4 Rc4 30. Qd3 1-0

[Event "Late-Titled-Tuesday-Blitz-March-26-2024"]
[Site "Chess.com"]
[Date "2024.03.26"]
[Round "6"]
[White "santosalberto1987"]
[Black "cthake"]
[Result "1-0"]
[WhiteElo "2515"]
[BlackElo "1775"]
[TimeControl "180+1"]
[EndTime "15:05:11 PDT"]
[Termination "santosalberto1987 won by resignation"]

1. e4 e6 2. d4 d5 3. Nc3 Bb4 4. e5 b6 5. Qg4 Bf8 6. h4 Ba6 7. Bxa6 Nxa6 8. a3 Qd7 9. Nf3 h5 10. Qg3 O-O-O 11. Bg5 f6 12. Bf4 Ne7 13. O-O-O Nf5 14.
Qg6 Ne7 15. Qf7 Nf5 16. Qxd7+ Rxd7 17. Rhe1 Nxh4 18. Nxh4 g5 19. Ng6 Rg8 20. Nxf8 Rxf8 21. Be3 fxe5 22. dxe5 g4 23. Nb5 Rf5 24. Bd2 Kb7 25.
Nd4 Rxf2 26. Nxe6 Rxg2 27. Bg5 Nb8 28. Nf4 Rf2 29. e6 Rg7 30. e7 1-0

[Event "Late-Titled-Tuesday-Blitz-March-26-2024"]
[Site "Chess.com"]
[Date "2024.03.26"]
[Round "6"]
[White "Dontmesswithme_2"]
[Black "IriBu"]
[Result "0-1"]
[WhiteElo "2414"]
[BlackElo "2573"]
[TimeControl "180+1"]
[EndTime "15:05:20 PDT"]
[Termination "IriBu won by resignation"]

1. e4 d6 2. d4 Nf6 3. Nc3 e5 4.
Nf3 Nbd7 5. Bc4 Be7 6. O-O c6 7. a4 Qc7 8. Re1 h6 9. a5 Nf8 10. b3 Ng6 11. Bb2 Bg4 12. dxe5 dxe5 13. h3 Bd7 14. Qc1 O-O 15. Qe3 Nh5 16. Ne2 Bf6 17.
Red1 Nhf4 18. Kh2 b5 19. axb6 axb6 20. Neg1 b5 21. Bf1 c5 22. g3 Ne6 23. h4 Nd4 24. Bd3 Bc6 25. h5 Ne7 26. Rab1 b4 27. Nd2 Bg5 28. f4 exf4 0-1

[Event "Late-Titled-Tuesday-Blitz-March-26-2024"]
[Site "Chess.com"]
[Date "2024.03.26"]
[Round "6"]
[White "ploxoi"]
[Black "GarciaIsaac"]
[Result "0-1"]
[WhiteElo "2421"]
[BlackElo "2644"]
[TimeControl "180+1"]
[EndTime "15:05:32 PDT"]
[Termination "GarciaIsaac won by resignation"]

1. d4 d5 2. Nf3 e6 3. g3 c5 4. Bg2 Nc6 5. O-O Nf6 6. c4 dxc4 7. Ne5 Nxe5 8. dxe5 Qxd1 9. Rxd1 Nd7 10. f4 Rb8 11. Na3 b5 12. Bc6 a6 13. Be3 Rb6 14. Be4 Bb7 15. Bxb7 Rxb7 16. b3 c3 17. Rac1 Be7 18. Nc2 b4 19. Bf2 f5 20. Ne3 Nb6 21. a3 a5 22.
axb4 axb4 23. Ra1 Kf7 24. Nc2 Nd5 25. Ra6 Rc8 26. h3 c4 27. bxc4 Rxc4 28. Rc1 b3 29. Nd4 b2 30. Rb1 c2 0-1

[Event "Late-Titled-Tuesday-Blitz-March-26-2024"]
[Site "Chess.com"]
[Date "2024.03.26"]
[Round "6"]
[White "GMG"]
[Black "WindWhistler11"]
[Result "1-0"]
[WhiteElo "2800"]
[BlackElo "2467"]
[TimeControl "180+1"]
[EndTime "15:05:34 PDT"]
[Termination "GMG won by resignation"]

1. Nf3 Nf6 2. c4 d6 3. d4 c6 4.
Nc3 Bg4 5. g3 e6 6. Bg2 Be7 7.
O-O Nbd7 8. h3 Bxf3 9. Bxf3 d5 10. Qb3 Qb6 11. Rd1 O-O 12. e3 Rfc8 13. Bd2 Qxb3 14.
axb3 dxc4 15. bxc4 Nb6 16. b3 Bb4 17. Rdc1 Nbd7 18.
Rc2 e5 19. Bc1 exd4 20. exd4 Rd8 21. Be3 Nf8 22. Na2 Ba5 23. Rd1 Rd7 24. b4 Bb6 25. Nc3 Rad8 26. c5 Bc7 27. b5 Nd5 28. Nxd5 cxd5 29.
Ra1 Bb8 30. c6 bxc6 31. bxc6 Rc7 32. Bf4 Re7 33. c7 1-0

[Event "Late-Titled-Tuesday-Blitz-March-26-2024"]
[Site "Chess.com"]
[Date "2024.03.26"]
[Round "6"]
[White "dretch"]
[Black "AryanTari"]
[Result "1-0"]
[WhiteElo "2869"]
[BlackElo "2982"]
[TimeControl "180+1"]
[EndTime "15:05:35 PDT"]
[Termination "dretch won by resignation"]

1. d4 Nf6 2. c4 e6 3. Nc3 Bb4 4. Qc2 O-O 5. e4 d6 6. a3 Bxc3+ 7. bxc3 c5 8. e5 dxe5 9. dxe5 Nfd7 10. f4 Nc6 11.
Bd3 Qh4+ 12. Ke2 f6 13. Nf3 Qh5 14. g4 Qxg4 15. Bxh7+ Kh8 16. Rg1 Qh3 17. Bg6 fxe5 18.
Rg3 Qh6 19. f5 e4 20. Bxh6 exf3+ 21. Rxf3 gxh6 22. Qd2 Kg7 23. Rg1 Nde5 24. f6+ Rxf6 25. Bh5+ 1-0

[Event "Late-Titled-Tuesday-Blitz-March-26-2024"]
[Site "Chess.com"]
[Date "2024.03.26"]
[Round "6"]
[White "omeed_87"]
[Black "karinachess1"]
[Result "0-1"]
[WhiteElo "2423"]
[BlackElo "2582"]
[TimeControl "180+1"]
[EndTime "15:05:40 PDT"]
[Termination "karinachess1 won by checkmate"]

1. d4 Nf6 2. Nc3 e6 3. e4 d6 4. Be2 Nbd7 5. Be3 Be7 6. Qd2 a6 7. a4 b6 8. g4 Bb7 9. f3 e5 10. g5 Nh5 11. d5 O-O 12. Nh3 c6 13. dxc6 Bxc6 14. Nd5 b5 15. a5 Bxd5 16. Qxd5 Rc8 17. c3 Nc5 18. Rg1 Ne6 19. Qd2 Qd7 20. f4 Nhxf4 21.
Nxf4 exf4 22. Bxf4 Nxf4 23. Qxf4 d5 24. Bg4 Qa7 25.
O-O-O Rc4 26. Rge1 d4 27. Be2 Ra4 28. Bd3 dxc3 29.
Rf1 cxb2+ 30. Kb1 Ra1+ 31. Kc2 Qc5+ 32. Kxb2 Qa3+ 33. Kc2 Ra2+ 34. Kb1 Qb2# 0-1

[Event "Late-Titled-Tuesday-Blitz-March-26-2024"]
[Site "Chess.com"]
[Date "2024.03.26"]
[Round "6"]
[White "Durarbayli"]
[Black "Binary010"]
[Result "1-0"]
[WhiteElo "2934"]
[BlackElo "2782"]
[TimeControl "180+1"]
[EndTime "15:05:43 PDT"]
[Termination "Durarbayli won by resignation"]

1. e4 e5 2. Nf3 Nf6 3. d4 Nxe4 4. dxe5 d5 5. Bd3 Nc6 6. O-O Bg4 7. Bf4 Bc5 8. Nc3 Nxc3 9. bxc3 Qd7 10. Rb1 O-O-O 11. h3 Bh5 12. Rb5 Bb6 13. a4 Rhe8 14. Re1 Ba5 15.
Qb1 Bxf3 16. Rxb7 Qe6 17. Ba6 Kd7 18. gxf3 Bxc3 19. Rxc7+ 1-0

[Event "Late-Titled-Tuesday-Blitz-March-26-2024"]
[Site "Chess.com"]
[Date "2024.03.26"]
[Round "6"]
[White "ArchibaldCerveza29"]
[Black "Slovineanu"]
[Result "0-1"]
[WhiteElo "2370"]
[BlackElo "2511"]
[TimeControl "180+1"]
[EndTime "15:05:43 PDT"]
[Termination "Slovineanu won by resignation"]

1. e4 e5 2. Nf3 Nc6 3. Bb5 a6 4.
Ba4 Bc5 5. c3 Nge7 6. O-O Ba7 7.
d4 Ng6 8. Bg5 f6 9. Be3 O-O 10.
h4 d6 11. Nbd2 Kh8 12. d5 Nb8 13. Bxa7 Rxa7 14. Qe1 f5 15. exf5 Bxf5 16. Qe3 b6 17.
Qg5 Nd7 18. Bxd7 Qxd7 19. Nc4 h6 20. Qg3 Nf4 21. Ncxe5 dxe5 22. Nxe5 Ne2+ 23. Kh2 Nxg3 24. Nxd7 Nxf1+ 25. Rxf1 Bxd7 0-1

[Event "Late-Titled-Tuesday-Blitz-March-26-2024"]
[Site "Chess.com"]
[Date "2024.03.26"]
[Round "6"]
[White "ernestina08chess"]
[Black "cthulhuuu"]
[Result "0-1"]
[WhiteElo "2258"]
[BlackElo "2422"]
[TimeControl "180+1"]
[EndTime "15:05:44 PDT"]
[Termination "cthulhuuu won by resignation"]

1. e4 d6 2. d4 Nf6 3. Nc3 c6 4. Be3 b5 5. a3 e5 6. Qd2 Be7 7. f3 O-O 8. O-O-O Nbd7 9. dxe5 dxe5 10. g4 a5 11. Nce2 Qc7 12. g5 Nh5 13. Ng3 Nf4 14. Nf5 Bxg5 15. h4 Bf6 16. Ne2 Nxe2+ 17. Bxe2 Nb6 18.
Rdg1 Bxf5 19. exf5 Rfd8 20. Qe1 b4 21. a4 Nxa4 22.
Qg3 Kh8 23. Bg5 Qe7 24. h5 h6 25. Bxf6 Qxf6 26. Rh4 e4 27. c3 bxc3 28. b3 c2 29.
bxa4 Qa1+ 30. Kxc2 Qa2+ 31. Kc1 Qd2+ 32. Kb1 Rab8+ 33.
Bb5 Qb4+ 34. Kc1 Qc3+ 35. Kb1 cxb5 0-1

[Event "Late-Titled-Tuesday-Blitz-March-26-2024"]
[Site "Chess.com"]
[Date "2024.03.26"]
[Round "6"]
[White "1mbl4"]
[Black "MetiForce"]
[Result "0-1"]
[WhiteElo "2612"]
[BlackElo "2892"]
[TimeControl "180+1"]
[EndTime "15:05:49 PDT"]
[Termination "MetiForce won by resignation"]

1. b3 Nf6 2. Bb2 g6 3. Bxf6 exf6 4.
d4 Bg7 5. e3 f5 6. g3 O-O 7. Bg2 d5 8. Ne2 c6 9. O-O Be6 10. Nd2 Nd7 11. c4 Nf6 12. cxd5 Bxd5 13. Bxd5 Nxd5 14. Rc1 Re8 15. Nc4 a5 16. a3 b5 17. Nb2 Qd6 18. Nd3 Qxa3 19. Rxc6 a4 20.
bxa4 bxa4 21. Nc5 Nxe3 22. fxe3 Qxe3+ 23. Rf2 a3 24. Nb3 a2 25. Rc1 Rab8 26. Na1 Rb2 27. Nc2 Qb3 28. Nf4 Rb1 29. Rf1 Rxc1 30. Qxc1 Rc8 31. Na1 Rxc1 32. Nxb3 Bxd4+ 33. Kg2 Rxf1 34. Kxf1 a1=Q+ 35. Nxa1 Bxa1 36. Kg2 Be5 37. Nd3 Bd4 38. h3 Kg7 39. Kf3 Kf6 40. Nf4 Be5 41. Nd3 Ke6 42.
Nc5+ Kd5 43. Nd3 h5 44. Nb4+ Kd6 45. Nd3 g5 46. g4 fxg4+ 47. hxg4 h4 48. Nf2 Kd5 49. Nh3 f6 50. Ke3 Bd4+ 51. Kf3 Kc4 52. Ke4 Kc3 53. Kf5 Kd3 54. Kg6 Ke4 55. Kh5 Kf3 56.
Nxg5+ fxg5 57. Kxg5 h3 58. Kf5 h2 59. g5 h1=Q 60.
g6 Qh5+ 0-1